 Dungeon Crawl Stone Soup version 0.17.0-28-g6e173f8 (webtiles) character file.

8320 oldtroll the Arsonist (level 11, -8/85 HPs)
             Began as a Pale Draconian Fire Elementalist on Nov 20, 2015.
             Was a Priest of Sif Muna.
             Mangled by Snorg (9 damage)
             ... on level 1 of the Orcish Mines on Nov 30, 2015.
             The game lasted 01:53:25 (13787 turns).

oldtroll the Arsonist (DrFE)                       Turns: 13787, Time: 01:53:30

Health: -8/85      AC: 15    Str: 10    XL:     11   Next: 8%
Magic:  12/23      EV: 18    Int: 20    God:    Sif Muna [***...]
Gold:   413        SH:  0    Dex: 11    Spells: 5 memorised, 11 levels left

rFire  . . .     SeeInvis .     x - +0 mace (protect)
rCold  . . .     Clarity  .     (armour unavailable)
rNeg   . . .     SustAt   .     (no shield)
rPois  .         Gourm    .     (helmet restricted)
rElec  .         Spirit   .     (no cloak)
rCorr  .         Warding  .     G - +0 pair of gloves
rMut   .         Stasis   .     (no boots)
MR     .....                    (no amulet)
Stlth  ++........               i - +4 ring of evasion
                                H - +2 ring of protection

@: not resistant to hostile enchantments, unstealthy
A: breathe steam, unfitting armour, cold-blooded, AC +7
a: Breathe Steam, Channel Energy, Forget Spell, Renounce Religion


You were on level 1 of the Orcish Mines.
You worshipped Sif Muna.
Sif Muna was most pleased with you.
You were not hungry.

You visited 2 branches of the dungeon, and saw 10 of its levels.

You collected 583 gold pieces.
You spent 170 gold pieces at shops.

Inventory:

Hand Weapons
 w - a +1 hand crossbow of freezing
 x - a +0 mace of protection (weapon)
Missiles
 u - 21 bolts of penetration
 E - 25 bolts
Armour
 G - a +0 pair of gloves (worn)
Jewellery
 i - a +4 ring of evasion (right hand)
 H - a +2 ring of protection (left hand)
Wands
 y - a wand of polymorph (24)
 C - a wand of magic darts (8)
 I - a wand of lightning (2)
Scrolls
 c - 2 scrolls of fear
 j - a scroll of magic mapping
 q - 2 scrolls of enchant weapon
 z - 5 scrolls of identify
 A - 4 scrolls of teleportation
 B - 4 scrolls of remove curse
 N - a scroll of recharging
 Q - 2 scrolls of fog
Potions
 d - 2 potions of resistance {unknown}
 e - a potion of might {unknown}
 g - 4 potions of magic
 h - 4 potions of haste
 k - a potion of invisibility
 l - 2 potions of agility {unknown}
 m - a potion of degeneration {unknown}
 n - a potion of mutation {unknown}
 o - a potion of flight {unknown}
 p - 4 potions of curing
 r - 2 potions of cancellation {unknown}
 t - a potion of lignification {unknown}
 v - 5 potions of heal wounds
 F - a potion of ambrosia {unknown}
Books
 a - a book of Flames

   Spells                             Type                      Level
   a - Flame Tongue                   Conjuration/Fire             1
   b - Throw Flame                    Conjuration/Fire             2
   c - Conjure Flame                  Conjuration/Fire             3
   d - Inner Flame                    Hexes/Fire                   3
   e - Sticky Flame                   Conjuration/Fire             4
   f - Fireball                       Conjuration/Fire             5
 D - a book of Changes

   Spells                             Type                      Level
   a - Beastly Appendage              Transmutation                1
   b - Sticks to Snakes               Transmutation                2
   c - Spider Form                    Transmutation/Poison         3
   d - Ice Form                       Ice/Transmutation            4
   e - Blade Hands                    Transmutation                5
 O - a book of Maledictions

   Spells                             Type                      Level
   a - Corona                         Hexes                        1
   b - Ensorcelled Hibernation        Hexes/Ice                    2
   c - Confuse                        Hexes                        3
   d - Tukima's Dance                 Hexes                        3
   e - Dazzling Spray                 Conjuration/Hexes            3
Comestibles
 b - 9 bread rations
 f - 2 meat rations
 s - a royal jelly
 L - 8 beef jerkies
 M - 5 fruits


   Skills:
 * Level 4.8 Fighting
 * Level 3.0 Crossbows
 + Level 0.1 Throwing
 * Level 6.3 Dodging
 - Level 1.7 Stealth
 * Level 8.4 Spellcasting
 * Level 8.2 Conjurations
 * Level 9.6 Fire Magic
 * Level 2.5 Invocations


You had 11 spell levels left.
You knew the following spells:

 Your Spells              Type           Power        Failure   Level  Hunger
a - Flame Tongue          Conj/Fire      #####        1%          1    None
b - Throw Flame           Conj/Fire      #####.       1%          2    None
c - Sticky Flame          Conj/Fire      #####...     1%          4    ###....
d - Conjure Flame         Conj/Fire      #####...     1%          3    None
e - Fireball              Conj/Fire      #####.....   8%          5    #####..


Dungeon Overview and Level Annotations

Branches:
Dungeon (9/15)             Temple (0/1) D:7             Orc (1/4) D:9
   Lair: D:8-11

Altars:
Ashenzari
Elyvilon
Fedhas
Gozag
Kikubaaqudgha
Nemelex Xobeh
Okawaru
Ru
Sif Muna
Vehumet
Xom
Yredelemnul
Zin

Shops:
Orc:1 ?*

Annotations:
D:9 1 exclusion
Orc:1 Snorg


Innate Abilities, Weirdness & Mutations

You can breathe blasts of scalding, opaque steam.
Your pale cyan-grey scales are hard (AC +7).
Your body does not fit into most forms of armour.
You are cold-blooded and may be slowed by cold attacks.


Message History

Here: Snorg (flame, severely wounded, berserk, fast, unusually strong)
The floor.
Snorg is nearby!
Casting: Flame Tongue
Confirm with . or Enter, or press ? or * to list all spells.
Aiming: Flame Tongue
Press: ? - help, Shift-Dir - straight line, f/p - Snorg
Aim: Snorg (flame, severely wounded, berserk, fast, unusually strong)
The flame tongue hits Snorg.
Snorg is severely wounded.
Snorg is engulfed in roaring flames.
Snorg bites you!! Snorg closely misses you. Snorg claws you!
* * * LOW HITPOINT WARNING * * *
You feel much better.
Snorg is engulfed in roaring flames.
Snorg bites you but does no damage. Snorg barely misses you. Snorg claws you!!
* * * LOW HITPOINT WARNING * * *
Snorg is engulfed in roaring flames.
Snorg bites you!
* * * LOW HITPOINT WARNING * * *
Snorg claws you!
You die...

#...#..... ...
##.................
#........##........
###...............#.
##.#$..#.............
#....................
#$..................
##...#...T.........#
#...)#####@...$...#
##....###..[.#.#.##
##....#........#
##...รท........##
###.#.[.......#
###...#.##.##
###.....####
##.#[.....#
########...).#..##


You could see Snorg (berserk).

Vanquished Creatures
  Erica (D:9)
  Erolcha (D:9)
  Pikel (D:8)
  A troll (D:9)
  A wyvern (D:9)
  The ghost of grerr the Ducker, an amateur FeAr of Dithmenos (D:5)
  Eustachio (D:4)
  A hungry ghost (D:8)
  Menkaure (D:7)
  A water moccasin (D:6)
  2 wargs (D:9)
  Edmund (D:6)
  2 ice beasts
  6 orc warriors
  The ghost of Arkorax the Ruffian, an amateur DrMo (D:3)
  3 ogres
  2 phantoms (D:8)
  2 sky beasts (D:7)
  4 centaurs
  2 gnoll sergeants
  10 giant frogs
  The ghost of grerr the Ducker, an amateur FeAr of Nemelex Xobeh (D:4)
  A wyvern zombie (D:7)
  A water moccasin skeleton (D:8)
  3 scorpions
  5 killer bees (D:9)
  7 wights
  An electric eel (Orc:1)
  4 crimson imps
  A giant frog skeleton (D:9)
  15 orc wizards
  Ijyb (D:3)
  7 hounds
  2 jellies
  A centaur skeleton (D:8)
  4 iguanas
  Terence (D:3)
  Natasha (thrice) (D:2)
  8 orc priests
  9 worker ants
  2 worker ant zombies
  6 adders
  11 gnolls
  A shadow imp (D:9)
  A worm (D:2)
  A giant gecko (D:9)
  55 orcs
  A ball python (D:1)
  7 giant cockroaches
  6 hobgoblins
  7 jackals
  6 kobolds
  7 quokkas
  6 bats
  2 giant gecko zombies
  4 giant newts
  12 goblins
  A quokka skeleton (D:6)
  4 rats
260 creatures vanquished.

Vanquished Creatures (others)
  A slave (D:8)
1 creature vanquished.

Grand Total: 261 creatures vanquished

Notes
Turn   | Place    | Note
--------------------------------------------------------------
     0 | D:1      | oldtroll the Draconian Fire Elementalist began the quest for the Orb.
     0 | D:1      | Reached XP level 1. HP: 14/14 MP: 3/3
   259 | D:1      | Reached XP level 2. HP: 20/20 MP: 1/5
   296 | D:1      | Learned a level 2 spell: Throw Flame
  1282 | D:2      | Found an iron altar of Okawaru.
  1298 | D:2      | Noticed Natasha
  1307 | D:2      | Killed Natasha
  1307 | D:2      | Reached XP level 3. HP: 18/26 MP: 1/6
  1712 | D:2      | Reached skill level 4 in Fire Magic
  1805 | D:2      | Noticed Natasha
  1809 | D:2      | Killed Natasha
  1809 | D:2      | Reached XP level 4. HP: 25/33 MP: 1/7
  1820 | D:2      | Noticed Natasha
  1845 | D:2      | Killed Natasha
  2348 | D:3      | Noticed Arkorax's ghost (amateur DrMo)
  2478 | D:3      | Found an ancient bone altar of Kikubaaqudgha.
  3009 | D:3      | Noticed Terence
  3019 | D:3      | Killed Terence
  3019 | D:3      | Reached XP level 5. HP: 35/38 MP: 1/9
  3180 | D:3      | Noticed Ijyb
  3211 | D:3      | Killed Ijyb
  3517 | D:4      | Noticed grerr's ghost (amateur FeAr)
  3697 | D:4      | Noticed an ogre
  3735 | D:3      | Learned a level 4 spell: Sticky Flame
  3738 | D:3      | Killed an ogre
  3738 | D:3      | Reached XP level 6. HP: 17/45 MP: 1/11
  4211 | D:4      | Found a sacrificial altar of Ru.
  4275 | D:4      | Found a basalt altar of Yredelemnul.
  4463 | D:4      | Noticed a centaur
  4499 | D:4      | Noticed Eustachio
  4670 | D:4      | Killed Eustachio
  4670 | D:4      | Reached skill level 5 in Fire Magic
  4670 | D:4      | Your scales start taking on a pale cyan-grey colour.
  4670 | D:4      | Reached XP level 7. HP: 45/50 MP: 4/13
  4686 | D:4      | Found a blossoming altar of Fedhas.
  4691 | D:4      | Learned a level 3 spell: Conjure Flame
  4708 | D:4      | Killed grerr's ghost
  4786 | D:4      | Killed a centaur
  5317 | D:5      | Entered Level 5 of the Dungeon
  5317 | D:5      | Noticed grerr's ghost (amateur FeAr)
  5322 | D:5      | Killed grerr's ghost
  5322 | D:5      | Reached skill level 1 in Fighting
  5322 | D:5      | Reached skill level 6 in Fire Magic
  5415 | D:5      | Got a faintly glowing long sword
  5416 | D:5      | Identified the cursed +0 long sword "Ydatuif" {venom, *Drain +Rage +Inv Dex+7} (You found it on level 5 of the Dungeon)
  5528 | D:5      | Found a shattered altar of Ashenzari.
  5528 | D:5      | Found an opulent altar of Gozag.
  5531 | D:5      | Found a sparkling altar of Nemelex Xobeh.
  5602 | D:5      | Found a shimmering altar of Xom.
  6063 | D:6      | Reached skill level 5 in Spellcasting
  6063 | D:6      | Reached XP level 8. HP: 54/61 MP: 0/15
  6232 | D:6      | Noticed Edmund
  6250 | D:6      | Killed Edmund
  6474 | D:6      | Reached skill level 5 in Conjurations
  6498 | D:6      | Found a shimmering altar of Xom.
  6799 | D:6      | Found a deep blue altar of Sif Muna.
  6803 | D:6      | Upgraded the game from 0.17.0-26-gececa24 to 0.17.0-27-g4a3f43e
  6803 | D:6      | Became a worshipper of Sif Muna the Loreminder
  7098 | D:7      | Reached skill level 7 in Fire Magic
  7320 | D:7      | Reached * piety under Sif Muna
  7669 | D:7      | Reached XP level 9. HP: 70/70 MP: 9/18
  7976 | D:7      | Noticed Menkaure
  7980 | D:7      | Killed Menkaure
  8328 | D:7      | Found a staircase to the Ecumenical Temple.
  9186 | D:3      | Killed Arkorax's ghost
  9186 | D:3      | Reached skill level 8 in Fire Magic
  9450 | D:8      | Learned a level 5 spell: Fireball
  9467 | D:8      | Reached ** piety under Sif Muna
  9713 | D:8      | Reached skill level 1 in Crossbows
  9713 | D:8      | Reached skill level 5 in Dodging
 10443 | D:8      | Noticed Pikel
 10444 | D:8      | Reached XP level 10. HP: 78/78 MP: 4/21
 10587 | D:8      | Killed Pikel
 10668 | D:8      | Found a white marble altar of Elyvilon.
 10745 | D:8      | Found a glowing silver altar of Zin.
 10745 | D:8      | Found a radiant altar of Vehumet.
 11015 | D:9      | Noticed Erolcha
 11024 | D:9      | Killed Erolcha
 11024 | D:9      | Reached *** piety under Sif Muna
 11024 | D:9      | Reached skill level 9 in Fire Magic
 11024 | D:9      | Reached skill level 1 in Invocations
 11229 | D:9      | Found a staircase to the Orcish Mines.
 12455 | D:9      | Noticed Erica
 12468 | D:9      | Killed Erica
 12588 | D:9      | Reached XP level 11. HP: 85/85 MP: 13/23
 12921 | Orc:1    | Entered Level 1 of the Orcish Mines
 12921 | Orc:1    | Found Unoul's Magic Scroll Emporium.
 13170 | Orc:1    | Found Kofeuc Sill's General Store.
 13381 | Orc:1    | Upgraded the game from 0.17.0-27-g4a3f43e to 0.17.0-28-g6e173f8
 13406 | Orc:1    | Found Urumojacev's Magic Scroll Shoppe.
 13412 | Orc:1    | Bought 2 potions of heal wounds for 170 gold pieces
 13747 | Orc:1    | Noticed Snorg
 13787 | Orc:1    | HP: 1/85 [Snorg (17)]
 13787 | Orc:1    | Mangled by Snorg

Action                   |  1- 3 |  4- 6 |  7- 9 | 10-12 || total
-------------------------+-------+-------+-------+-------++-------
Melee: Unarmed           |     3 |    31 |       |       ||    34
       Mace              |       |       |   165 |    95 ||   260
 Fire: Hand crossbow     |       |       |       |    24 ||    24
Throw: Throwing net      |       |       |     3 |       ||     3
 Cast: Flame Tongue      |    67 |   114 |   286 |   200 ||   667
       Throw Flame       |     7 |    12 |    37 |    10 ||    66
       Sticky Flame      |       |     5 |    12 |     8 ||    25
       Conjure Flame     |       |       |    13 |     9 ||    22
       Fireball          |       |       |     1 |    12 ||    13
 Abil: Breathe Steam     |       |       |       |     1 ||     1
  Use: Scroll            |       |     5 |     8 |     5 ||    18
       Potion            |       |       |       |     2 ||     2
 Stab: Sleeping          |       |       |     5 |     1 ||     6
       Held in net/web   |       |       |     1 |       ||     1
  Eat: Chunk             |     4 |    11 |    20 |    14 ||    49
       Beef jerky        |       |       |     1 |       ||     1
